AoeStats
← Santiaku

Arabia

503447541Analyzed
2v2 RM · 1mo ago on Aug 31, 2026· 44m 47s· 4 players
Game mode
Random Map
Map size
Medium (4 player)
Population
200
Speed
Normal
Resources
Standard
Victory
Conquest
Starting age
Dark Age
Ending age
Imperial Age
RankedLock teamsTeams togetherTeam positionsShared explorationLock speedFull tech treeHidden civsTurbo modeCheats
Victory
Defeat
🇨🇱 Teutons · Chile
855
+16
🇫🇷 Persians · France
801
+18
🇺🇾 Chinese · Uruguay
891
-54
🇺🇾 Persians · Uruguay
813
-41
dark_29
0:26 Loom
10:56 Feudal Age
11:29 Horse Collar
11:37 Double-Bit Axe
19:25 Castle Age
18:35 Bloodlines
19:03 Gold Mining
21:51 Scale Barding Armor
23:31 Heavy Plow
24:36 Husbandry
29:11 Murder Holes
30:15 Ballistics
30:03 Town Watch
31:35 Forging
33:15 Light Cavalry
37:03 Imperial Age
35:26 Kamandaran
35:34 Padded Archer Armor
35:26 Fletching
35:33 Crossbowman
39:36 Chemistry
40:45 Thumb Ring
40:43 Bodkin Arrow
41:04 Leather Archer Armor
41:49 Cavalier
TuChilenitoMorenito
3:58 Loom
10:22 Feudal Age
10:59 Double-Bit Axe
12:22 Horse Collar
19:42 Gold Mining
23:02 Castle Age
20:58 Stone Mining
22:32 Scale Mail Armor
22:26 Fletching
24:10 Pikeman
25:31 Bow Saw
27:41 Stone Shaft Mining
36:48 Imperial Age
35:01 Fervor
39:16 Heavy Plow
40:27 Onager
41:42 Ironclad
41:50 Conscription
42:03 Arson
42:18 Squires
41:40 Halberdier
44:20 Wheelbarrow
44:24 Crop Rotation
45:15 Crenellations
El De la Biblia Ñeri
2:43 Loom
12:24 Feudal Age
14:19 Double-Bit Axe
15:50 Wheelbarrow
17:14 Gold Mining
33:11 Horse Collar
38:19 Castle Age
37:40 Stone Mining
38:43 Padded Archer Armor
38:33 Fletching
38:27 Pikeman
39:08 Squires
39:01 Crossbowman
39:52 Heavy Plow
40:11 Bodkin Arrow
41:09 Thumb Ring
41:38 Bow Saw
Santiaku
6:21 Loom
9:17 Feudal Age
10:08 Double-Bit Axe
12:15 Wheelbarrow
24:40 Castle Age
22:55 Stone Mining
24:52 Forging
24:42 Crossbowman
24:54 Pikeman
27:08 Gambesons
27:40 Scale Barding Armor
28:17 Iron Casting
29:35 Squires
29:46 Thumb Ring
33:06 Kamandaran
34:23 Bow Saw
36:27 Fletching
36:38 Padded Archer Armor
37:09 Scale Barding Armor
37:25 Bodkin Arrow
38:39 Leather Archer Armor
38:24 Scale Mail Armor
38:36 Arson
40:38 Parthian Tactics
Connection lost

Rejoining the realm…

Still unreachable

The connection could not be restored.

Session expired

The server has moved on; the page needs a fresh start.